 Dungeon Crawl Stone Soup version 0.21.0-30-g47ce8e4 (webtiles) character file.

110 loralnil the Skirmisher (level 4, -4/43 HPs)
             Began as a Gargoyle Fighter on Jan 28, 2018.
             Slain by a goblin (5 damage)
             ... led by Robin
             ... on level 3 of the Dungeon.
             The game lasted 00:03:27 (1486 turns).

loralnil the Skirmisher (Gargoyle Fighter)          Turns: 1486, Time: 00:03:28

Health: -4/43      AC: 10    Str: 25    XL:     4   Next: 91%
Magic:  4/4        EV:  4    Int:  9    God:
Gold:   84         SH: 11    Dex:  9    Spells: 3/3 levels left

rFire    . . .     SeeInvis .   a - +0 flail
rCold    + . .     Gourm    +   c - +1 shield
rNeg     + . .     Faith    .   b - +0 scale mail
rPois    ∞         Spirit   .   (no helmet)
rElec    +         Reflect  .   (no cloak)
rCorr    .         Harm     .   (no gloves)
MR       .....                  (no boots)
Stlth    ..........             h - amulet of the gourmand
HPRegen  0.14/turn              j - ring of loudness (curse)
MPRegen  0.09/turn              l - ring of protection from cold

@: berserking, about to teleport, constricted, very quick
A: negative energy resistance 1, electricity resistance, unbreathing,
petrification resistance, rot immunity, AC +3
a: no special abilities


You were on level 3 of the Dungeon.
You were not hungry.

You visited 1 branch of the dungeon, and saw 3 of its levels.

You collected 84 gold pieces.

Inventory:

Hand Weapons
 a - a +0 flail (weapon)
Armour
 b - a +0 scale mail (worn)
 c - a +1 shield (worn)
Jewellery
 h - an amulet of the gourmand (around neck)
 j - a cursed ring of loudness (left hand)
 l - a ring of protection from cold (right hand)
Scrolls
 e - a scroll of teleportation
 g - a scroll of magic mapping
 i - a scroll of identify
Potions
 d - a potion of might
Comestibles
 f - 5 rations


   Skills:
 + Level 4.1 Fighting
 + Level 2.9 Maces & Flails
 + Level 4.1 Armour
 + Level 4.1 Shields


You had 3 spell levels left.
You didn't know any spells.

Dungeon Overview and Level Annotations

Branches:
Dungeon (3/15)

Altars:
Ashenzari

Annotations:
D:3 Robin


Innate Abilities, Weirdness & Mutations

You are resistant to torment.
Your stone body is resilient. (AC +3)
You are immune to poison.
You resist negative energy. (rN+)
You are resistant to electric shocks. (rElec)
You can survive without breathing.
You are immune to petrification.
You are immune to rotting.


Message History

The goblin is moderately wounded.
The goblin hits you but does no damage. x4
The ball python bites you but does no damage.
The ball python constricts you. The goblin hits you but does no damage.
As you read the scroll of teleportation, it crumbles to dust.
You feel strangely unstable.
The ball python bites you but does no damage.
The ball python constricts you. The goblin hits you but does no damage.
The goblin barely misses you. The goblin hits you but does no damage.
You block the goblin's attack. The goblin hits you.
* * * LOW HITPOINT WARNING * * *
Robin roars a battlecry!
The goblins go into a battle-frenzy!
A red film seems to cover your vision as you go berserk!
You feel yourself moving faster!
You feel mighty!
The goblin no longer looks unusually strong.
You block the ball python's attack. The ball python constricts you.
The goblin hits you but does no damage. The goblin barely misses you.
You block the goblin's attack. The goblin hits you.
You die...

##.)...)..#....
........).#..#
#############...#'#...#
#.....................##
#.....#######............
#.....'....#.....####....
#.....####.gg....# ...
#.....####gSgg.#.# ..
#.#....##.g@gg.#....# .
...####.#..##g#.##...#
### #... .#.# ...# #..
.### ...# #.### .# ...#
#[.<# .# ...# ##### ##
...#


You could see Robin, a hobgoblin, 7 goblins and a ball python.

Vanquished Creatures
  A crimson imp (D:2)
  2 oozes (D:1)
  2 dart slugs
  3 leopard geckos
  2 orcs (D:3)
  6 giant cockroaches
  7 goblins
  3 hobgoblins
  2 jackals (D:1)
  6 kobolds
  A quokka (D:2)
  2 ball pythons (D:1)
  12 bats (D:1)
  A frilled lizard (D:1)
  8 rats
58 creatures vanquished.

Notes
Turn   | Place    | Note
-------+----------+-------------------------------------------
     0 | D:1      | loralnil the Gargoyle Fighter began the quest for the Orb.
     0 | D:1      | Reached XP level 1. HP: 14/14 MP: 1/1
     1 | D:1      | Found a runed door.
    24 | D:1      | Reached XP level 2. HP: 13/19 MP: 2/2
    68 | D:1      | Reached XP level 3. HP: 20/23 MP: 3/3
   644 | D:2      | Reached XP level 4. HP: 29/29 MP: 4/4
  1447 | D:3      | Noticed Robin
  1447 | D:3      | Found a shattered altar of Ashenzari.
  1485 | D:3      | HP: 1/29 [goblin[Robin] (2)]
  1486 | D:3      | Slain by a goblin

Skill      XL: |  1  2  3  4 |
---------------+-------------+-----
Fighting       | 4 |  4.1
Armour         | 4 |  4.1
Shields        | 4 |  4.1
Maces & Flails | |  2.9

Action                   |  1- 3 |  4- 6 || total
-------------------------+-------+-------++-------
Melee: Flail             |   172 |    51 ||   223
  Use: Scroll            |     5 |     1 ||     6
       Potion            |       |     1 ||     1
  Eat: Chunk             |     3 |     3 ||     6
Armor: Scale mail        |   112 |    44 ||   156
Dodge: Dodged            |    52 |    30 ||    82
Block: Shield            |   118 |    49 ||   167
